cohdb
Replays
Latest Replays
All Replays
Popular Replays
Top Player Replays
Match Explorer
How It Works
Community
CoH3 Stats
Reddit
Sign in to upload your games and track your stats! →
Sign in with Steam
Match 45134277
Unlisted
Match 45134277
Overview
Messages
Build Orders
End
Kradschützen Motorcycle Team
Panzergrenadier Squad
Panzergrenadier Squad
Construct Light Support Kompanie
MG34 Team
2.5-tonne Medical Truck
Fire Support Elements
le.IG 18 Mechanized Group
Flakvierling Half-track
2.5-tonne Medical Truck
Selects Armored Support Battlegroup
Selects Armored Support Battlegroup
Selects Armored Support Battlegroup
Selects Salvage Kits
Selects Panzer Storm
Pak 38 Anti-tank Gun Team
Vehicle Survival Package
Veteran Squad Leaders
Construct Panzerarmee Kommand
Walking Stuka Rocket Launcher
Panzer III L Medium Tank
Emergency Repair Kits
Panzer III L Medium Tank
Selects Stuka Anti-tank Loiter
Panzer III L Medium Tank
191754466
Alika-v
mayomeyo
BEERMAN
WЇЌĭήğ§* ★assasin
Kamooos
沐雨轻然
Starbuckshunter
0
0
Comments
sign in to comment!
No comments posted yet!